 Dungeon Crawl Stone Soup version 0.28-a0-511-gcc94558de3 (webtiles) character file.

Game seed: 11770149866920306883

121 bande the Covered (level 5, -5/33 HPs)
             Began as a Gargoyle Fighter on Sept 21, 2021.
             Slain by an iguana (10 damage)
             ... on level 3 of the Dungeon.
             The game lasted 00:03:06 (2776 turns).

bande the Covered (Gargoyle Fighter)                Turns: 2776, Time: 00:03:06

Health: -5/33      AC: 12    Str: 19 (20) XL:     5   Next: 5%
Magic:  5/5        EV:  9    Int:  7 (8)  God:
Gold:   137        SH:  4    Dex:  9 (10) Spells: 4/4 levels left

rFire   . . .      SeeInvis .   a - +0 war axe
rCold   . . .      Faith    .   c - +0 buckler
rNeg    + . .      Spirit   .   b - +0 scale mail
rPois   ∞          Reflect  .   (no helmet)
rElec   +          Harm     .   (no cloak)
rCorr   .          Rampage  .   h - +0 pair of gloves
Will    .....                   (no boots)
Stlth   ..........              (no amulet)
HPRegen 0.11/turn               (no ring)
MPRegen 0.09/turn               (no ring)

@: mighty, flying
A: sickness immunity, AC +4, negative energy resistance 1, electricity
resistance, torment resistance 1, petrification resistance
a: no special abilities


You were on level 3 of the Dungeon.
You visited 1 branch of the dungeon, and saw 3 of its levels.

You collected 137 gold pieces.

Inventory:

Hand Weapons
 a - a +0 war axe (weapon)
 g - a +0 war axe
Armour
 b - a +0 scale mail (worn)
 c - a +0 buckler (worn)
 h - a +0 pair of gloves (worn)


   Skills:
 + Level 4.1 Fighting
 + Level 3.1 Axes
 + Level 4.2 Armour
 + Level 3.7 Shields


You had 4 spell levels left.
You didn't know any spells.
Your spell library was empty.

Dungeon Overview and Level Annotations

Branches:
Dungeon (3/15)

Altars:


Innate Abilities, Weirdness & Mutations

You are immune to sickness and miasma.
Your stone body is resilient. (AC +4)
You are immune to poison.
You resist negative energy. (rN+)
You are resistant to electric shocks. (rElec)
You are resistant to unholy torment.
You are immune to petrification.


Message History

You barely miss the iguana. The iguana barely misses you.
The iguana closely misses you.
A quokka comes into view.
You closely miss the iguana. The iguana closely misses you.
You barely miss the iguana. You block the iguana's attack.
The iguana bites you.
You hit the iguana but do no damage. The iguana misses you.
You completely miss the iguana. You block the iguana's attack.
You closely miss the iguana. You hit the quokka.
You kill the quokka!
The iguana closely misses you. The iguana misses you.
You hit the iguana but do no damage. You block the iguana's attack.
Your scale mail prevents you from hitting the iguana.
The iguana closely misses you.
You barely miss the iguana. The iguana bites you.
The iguana bites you but does no damage.
You closely miss the iguana. You block the iguana's attack.
You barely miss the iguana. The iguana bites you! The iguana bites you.
* * * LOW HITPOINT WARNING * * *
You are too injured to fight recklessly!
You are too injured to fight recklessly!
You are too injured to fight recklessly!
You are too injured to fight recklessly!
You are too injured to fight recklessly!
You are too injured to fight recklessly!
You are too injured to fight recklessly!
You are too injured to fight recklessly!
You are too injured to fight recklessly!
You see here 3 gold pieces.
It was a potion of flight.
You feel very buoyant.
You fly up into the air.
The iguana bites you but does no damage.
It was a potion of degeneration.
There was something very wrong with that liquid.
You feel weakened.
You feel dopey.
You feel clumsy.
The iguana bites you but does no damage.
You feel very mighty all of a sudden.
You block the ball python's attack. x2; The iguana bites you!
You die...

# #..##..#.# #.# #.
#..##.<#.# #.# #.
#..##..#.###.## # ##.#
#...#..#.......
#.##...##...#..........
..##.#.
#.........#####.##
......###................
#...#.................
#.l@##...#########..
##S###...# #.. #.# #####
### #.# #.# #.# #.# #..
#### ##...##


You could see an iguana and a ball python.

Vanquished Creatures
  An orc wizard (D:3)
  5 adders
  2 dart slugs
  2 orcs (D:3)
  3 ball pythons
  2 bats (D:1)
  5 endoplasms
  6 goblins
  5 hobgoblins
  3 jackals (D:1)
  3 kobolds
  2 quokkas
  2 frilled lizards
  5 rats
46 creatures vanquished.

Vanquished Creatures (others)
  A plant (D:1)
1 creature vanquished.

Grand Total: 47 creatures vanquished

Notes
Turn   | Place    | Note
-------+----------+-------------------------------------------
     0 | D:1      | bande the Gargoyle Fighter began the quest for the Orb.
     0 | D:1      | Reached XP level 1. HP: 14/14 MP: 1/1
   137 | D:1      | Reached XP level 2. HP: 14/19 MP: 2/2
   644 | D:1      | Found a faded altar of an unknown god.
  1101 | D:2      | Reached XP level 3. HP: 24/24 MP: 3/3
  1661 | D:2      | Reached XP level 4. HP: 29/29 MP: 4/4
  2683 | D:3      | Reached XP level 5. HP: 28/33 MP: 5/5
  2776 | D:3      | Slain by an iguana

Illustrated notes

Levels and vault maps discovered:
D:1:      psy_arrival_conway, layout_basic, ebering_ecumenical_altar_abandoned,
          serial_forest, infiniplex_forest_clump_curved,
          infiniplex_forest_clump_large, infiniplex_forest_clump_large,
          infiniplex_forest_zigzag_2, chequers_serial_rivers_small_b,
          hangedman_decor_push
D:2:      layout_loops_corners
D:3:      layout_loops_ring

Skill      XL: |  1  2  3  4 |
---------------+-------------+-----
Axes           | 2 3 |  3.1
Fighting       | 4 |  4.1
Armour         | 4 |  4.2
Shields        | |  3.7

Action                   |  1- 3 |  4- 6 || total
-------------------------+-------+-------++-------
Melee: War axe           |    89 |    67 ||   156
  Use: Scroll            |     1 |     1 ||     2
       Potion            |       |     3 ||     3
Armor: Scale mail        |    45 |    48 ||    93
Dodge: Dodged            |    50 |    38 ||    88
Block: Buckler           |    18 |    13 ||    31

Table legend: (Time is in decaauts)
 A = Elapsed time spent in this place.
 B = Non-inter-level travel time spent in this place.
 C = Inter-level travel time spent in this place.
 D = Time resting spent in this place.
 E = Time spent auto-exploring this place.
 F = Levels seen in this place.
 G = Mean time per level.
                   A        B        C        D        E       F      G
               +--------+--------+--------+--------+--------+-----+--------+
         Total |   2844 |   2839 |      5 |    355 |   1898 |   3 |  948.0 |
       Dungeon |   2844 |   2839 |      5 |    355 |   1898 |   3 |  948.0 |
               +--------+--------+--------+--------+--------+-----+--------+

Top non-repeatable levels by time:
     D:1: 1112 daAuts
     D:2: 1107 daAuts
     D:3: 624 daAuts
